AoeStats
← 陟遐自迩

Lombardia

509672479Analyzed
4v4 RM · 4d ago on Sep 27, 2026· 13m 4s· 8 players
Game mode
Random Map
Map size
Large (8 player)
Population
200
Speed
Normal
Resources
Standard
Victory
Conquest
Starting age
Dark Age
Ending age
Imperial Age
RankedLock teamsTeams togetherTeam positionsShared explorationLock speedFull tech treeHidden civsTurbo modeCheats
Victory
Defeat
🇺🇸 Chinese · United States
1030
+16
1017
+16
🇪🇸 Romans · Spain
1011
+16
🇦🇷 Magyars · Argentina
991
+17
🇦🇷 Berbers · Argentina
1055
-18
🇩🇪 Varangians · Germany
1039
-17
🇹🇼 Varangians · Taiwan
1011
-16
🇨🇳 Poles · China
967
-14
SwedenBirdieSkaggs236
0:29 Loom
13:18 Feudal Age
Sakullius-of-Coursistan
5:06 Loom
12:39 Feudal Age
Fro!
7:17 Loom
9:53 Feudal Age
10:26 Double-Bit Axe
fran135
11:21 Feudal Age
Moscato
1:56 Loom
12:37 Feudal Age
中山余文樂
12:03 Feudal Age
12:31 Double-Bit Axe
12:29 Horse Collar
妍芸
10:09 Feudal Age
11:07 Double-Bit Axe
陟遐自迩
0:44 Loom
12:40 Feudal Age
Connection lost

Rejoining the realm…

Still unreachable

The connection could not be restored.

Session expired

The server has moved on; the page needs a fresh start.